 Dungeon Crawl Stone Soup version 0.31-a0-369-g8eba5f6939 (webtiles) character file.

Game seed: 12288106331771331805

648 GilGalad the Digger (level 7, -2/38 HPs)
             Began as a Gargoyle Earth Elementalist on July 29, 2023.
             Was an Initiate of Sif Muna.
             Slain by Duvessa
             ... wielding a +0 short sword
              (4 damage)
             ... on level 5 of the Dungeon.
             The game lasted 00:15:18 (4805 turns).

GilGalad the Digger (Gargoyle Earth Elementalist)   Turns: 4805, Time: 00:15:19

Health: -2/38      AC:  8    Str: 11    XL:     7   Next: 53%
Magic:  1/12       EV: 12    Int: 18    God:    Sif Muna [......]
Gold:   309        SH:  5    Dex: 10    Spells: 6/12 levels left

rFire   . . .        y - +1 spear (freeze)
rCold   . . .        (no shield)
rNeg    + . .        a - +0 robe
rPois   ∞            (no helmet)
rElec   +            s - +0 cloak
rCorr   .            d - +0 pair of gloves
SInv    .            (no boots)
Will    .....        C - amulet of reflection
Stlth   ++           (no ring)
HPRegen 0.26/turn    (no ring)
MPRegen 0.13/turn

%: reflection
@: no status effects
A: sickness immunity, AC +4, negative energy resistance 1, electricity
resistance, torment resistance 1, petrification resistance
a: Renounce Religion


You were on level 5 of the Dungeon.
You worshipped Sif Muna.
Sif Muna was noncommittal.
You visited 2 branches of the dungeon, and saw 6 of its levels.

You collected 309 gold pieces.

Inventory:

Hand Weapons
 h - a +0 dagger
 l - a +0 whip of venom
 y - a +1 spear of freezing (weapon)
Missiles
 f - 3 poisoned darts
Armour
 a - a +0 robe (worn)
 d - a +0 pair of gloves (worn)
 s - a +0 cloak (worn)
Jewellery
 c - an amulet of faith
 j - an amulet of regeneration
 C - an amulet of reflection (around neck)
 H - a ring of ice
Wands
 B - a wand of flame (19)
Scrolls
 g - a scroll of poison {unknown}
 i - 3 scrolls of fog {unknown}
 m - 2 scrolls of noise {unknown}
 q - 7 scrolls of identify {unknown}
 r - a scroll of enchant armour {unknown}
 t - a scroll of torment {unknown}
 w - 2 scrolls of vulnerability {unknown}
 x - 2 scrolls of enchant weapon {unknown}
 z - 5 scrolls of teleportation {unknown}
 G - a scroll of fear {unknown}
Potions
 b - a potion of magic
 e - a potion of resistance {unknown}
 k - a potion of brilliance {unknown}
 n - a potion of mutation {unknown}
 o - 3 potions of curing {unknown}
 p - 2 potions of heal wounds {unknown}
 u - 3 potions of lignification {unknown}
 v - a potion of degeneration {unknown}
 A - 3 potions of attraction {unknown}
 D - a potion of berserk rage {unknown}
 E - a potion of haste {unknown}
 F - a potion of enlightenment {unknown}


   Skills:
 - Level 1.2 Fighting
 + Level 3.0 Dodging
 + Level 4.2 Stealth
 + Level 3.4 Spellcasting
 * Level 3.7 Conjurations
 - Level 1.4 Transmutations
 * Level 5.8 Earth Magic


You had 6 spell levels left.
You knew the following spells:

 Your Spells              Type           Power      Damage    Failure   Level
a - Sandblast             Erth           48%        2d12      1%          1
b - Passwall              Tmut/Erth      13%        N/A       5%          2
c - Stone Arrow           Conj/Erth      40%        3d9       7%          3

Your spell library contained the following spells:

 Spells                   Type           Power      Damage    Failure   Level
 Ensorcelled Hibernation  Hex/Ice        6%         N/A       24%         2
 Petrify                  Tmut/Erth      16%        N/A       34%         4
 Swiftness                Air            3%         N/A       43%         3


Dungeon Overview and Level Annotations

Branches:
Dungeon (5/15)             Temple (1/1) D:4

Altars:
Dithmenos
Fedhas
Gozag
Hepliaklqana
Makhleb
Nemelex Xobeh
Qazlal
Sif Muna
Vehumet
Wu Jian
Xom
The Shining One

Portals:
Abyss: D:3

Annotations:
D:3 2 transporters, otakuarchivist's ghost, amateur DsSh
D:4 exclusion: acid dragon, Menkaure
D:5 Duvessa


Innate Abilities, Weirdness & Mutations

You are immune to sickness and miasma.
Your stone body is resilient. (AC +4)
You are immune to poison.
You resist negative energy. (rN+)
You are resistant to electric shocks. (rElec)
You are resistant to unholy torment.
You are immune to petrification.


Message History

The stone arrow misses Duvessa.
You block Duvessa's attack. Duvessa hits you with a +0 short sword!
Casting: Stone Arrow (dangerous; 7% risk of failure)
Confirm with . or Enter, or press ? or * to list all spells.
Aiming: Stone Arrow (dangerous; 7% risk of failure)
Press: ? - help, Shift-Dir - straight line, f/p - Duvessa
Aim: Duvessa, wielding a +0 short sword and wearing a +0 scale mail (moderately wounded, berserk, 79% to hit)
The stone arrow misses Duvessa.
Duvessa misses you.
Casting: Stone Arrow (dangerous; 7% risk of failure)
Confirm with . or Enter, or press ? or * to list all spells.
Okay, then.
Casting: Stone Arrow (dangerous; 7% risk of failure)
Confirm with . or Enter, or press ? or * to list all spells.
You don't have enough magic to cast this spell.
Unknown command.
Unknown command.
You block Duvessa's attack. x2
Casting: Stone Arrow (dangerous; 7% risk of failure)
Confirm with . or Enter, or press ? or * to list all spells.
Aiming: Passwall (safe; 5% risk of failure)
Press: ? - help, Dir - move target, p - Duvessa A rock wall.
You miscast Passwall.
You are very lightly contaminated with residual magic.
Nothing appears to happen.
You block Duvessa's attack.
Casting: Passwall (safe; 5% risk of failure)
Confirm with . or Enter, or press ? or * to list all spells.
Okay, then.
Duvessa barely misses you. Duvessa attacks as you move away!
Duvessa hits you with a +0 short sword. Duvessa hits you but does no damage.
Duvessa hits you with a +0 short sword!
* * * LOW HITPOINT WARNING * * *
Your magical contamination has completely faded away.
Casting: Passwall (safe; 5% risk of failure)
Confirm with . or Enter, or press ? or * to list all spells.
Okay, then.
Duvessa attacks as you move away! Duvessa hits you but does no damage.
Duvessa hits you with a +0 short sword.
You die...

#####....##### ....#
#####....# ....#
#....#####....#
#.............#
#.............#
#.............#
####.............# .##
######..########......#
..#...#......).e@....#......#
..#...'..............#......#
.##...###.###..##'####......#
.###### #.###..#......#######
....... #..#...#......#
....... #..♣'♣♣♣'♣.>..#
....... #..♣.....♣....#
####### #..♣.###.♣....#
###...#####♣.....♣...##


You could see Duvessa (berserk).

Vanquished Creatures
  A black bear (D:5)
  An ogre (D:5)
  A scorpion (D:5)
  Dowan (D:5)
  3 jellies
  2 iguanas (D:4)
  An orc wizard (D:4)
  A gnoll (D:1)
  6 adders
  A white imp (D:5)
  A worm (D:2)
  2 dart slugs (D:1)
  14 orcs
  4 bats
  10 endoplasms
  6 giant cockroaches
  10 goblins
  8 hobgoblins
  2 jackals (D:4)
  9 kobolds
  5 quokkas
  9 ball pythons
  7 frilled lizards
  10 rats
115 creatures vanquished.

Notes
Turn   | Place    | Note
-------+----------+-------------------------------------------
     0 | D:1      | GilGalad the Gargoyle Earth Elementalist began the quest
                  | for the Orb.
     0 | D:1      | Reached XP level 1. HP: 10/10 MP: 3/3
   187 | D:1      | Reached skill level 1 in Transmutations
   187 | D:1      | Reached XP level 2. HP: 15/15 MP: 5/5
   421 | D:1      | Reached XP level 3. HP: 19/19 MP: 6/6
   424 | D:1      | Learned a level 2 spell: Passwall
   479 | D:1      | Reached skill level 4 in Earth Magic
  1054 | D:2      | Reached XP level 4. HP: 24/24 MP: 7/7
  2185 | D:3      | Identified the +0 robe of the Clam {rElec}
  2232 | D:3      | Noticed a small abomination
  2238 | D:3      | Noticed a toenail golem
  2257 | D:3      | Found a transporter.
  2262 | D:3      | Found a one-way gate to the infinite horrors of the Abyss.
  2264 | D:3      | Noticed otakuarchivist's ghost (amateur DsSh)
  2333 | D:3      | Found a transporter.
  2508 | D:3      | Reached skill level 1 in Conjurations
  2508 | D:3      | Reached XP level 5. HP: 28/28 MP: 6/8
  2868 | D:4      | Found a staircase to the Ecumenical Temple.
  2878 | Temple   | Entered the Ecumenical Temple
  2923 | Temple   | Became a worshipper of Sif Muna the Loreminder
  3035 | D:4      | Reached skill level 1 in Fighting
  3122 | D:4      | Found a burning altar of Makhleb.
  3327 | D:4      | Noticed Menkaure
  3482 | D:4      | Noticed an acid dragon
  3850 | D:5      | Entered Level 5 of the Dungeon
  3852 | D:5      | Noticed an ogre
  3852 | D:5      | Noticed a black bear
  3913 | D:4      | Reached XP level 6. HP: 27/34 MP: 7/10
  4000 | D:5      | Killed a black bear
  4001 | D:5      | Reached skill level 5 in Earth Magic
  4074 | D:5      | Reached XP level 7. HP: 38/38 MP: 7/11
  4078 | D:5      | Learned a level 3 spell: Stone Arrow
  4228 | D:5      | Found an ornate altar of the Wu Jian Council.
  4525 | D:5      | Found a sparkling altar of Nemelex Xobeh.
  4677 | D:5      | Found an opulent altar of Gozag.
  4677 | D:5      | Noticed Dowan
  4690 | D:5      | Killed Dowan
  4789 | D:5      | Noticed Duvessa
  4803 | D:5      | HP: 1/38 [Duvessa/+0 short sword (14)]
  4805 | D:5      | Slain by Duvessa

Illustrated notes

Levels and vault maps discovered:
D:1:      dpeg_arrival_refuge, layout_rooms, chequers_serial_rivers_small_a,
          minmay_misc_feat_x, minivault_24, minmay_octomino_c4
D:2:      layout_basic, minmay_pentomino_pile
D:3:      layout_loops_ring, gammafunk_ghost_abyssal_escape,
          grunt_decor_resistance
D:4:      layout_loops_ring, bloody_makhleb, minmay_temple_entry_grid,
          uniq_menkaure
D:5:      layout_gridville, mainiacjoe_overflow_six_doors_small,
          nicolae_kikubaaqudgha_miasma_corner, lemuel_doored_altar,
          mainiacjoe_overflow_small_starburst, nrook_campfire,
          grunt_decor_junction, kennysheep_boxes, uniq_duvessa
Temple:   nicolae_temple_bog_church

Skill      XL: |  1  2  3  4  5  6  7 |
---------------+----------------------+-----
Transmutations | 1 |  1.4
Earth Magic    | 4 5 |  5.8
Dodging        | 2 3 |  3.0
Stealth        | 3 4 |  4.2
Conjurations   | 1 2 3 |  3.7
Fighting       | 1 |  1.2
Spellcasting   | 3 |  3.4

Action                     |  1- 3 |  4- 6 |  7- 9 || total
---------------------------+-------+-------+-------++-------
  Melee: Dagger            |    18 |       |       ||    18
         Punch             |     1 |       |       ||     1
         Whip              |    55 |    10 |       ||    65
         Spear             |       |    51 |       ||    51
   Cast: Sandblast         |    20 |    74 |    15 ||   109
         Stone Arrow       |       |       |     8 ||     8
  Evoke: Wand              |       |       |     2 ||     2
   Stab: Sleeping          |     1 |    13 |       ||    14
 Armour: Robe              |    29 |    27 |     3 ||    59
  Dodge: Dodged            |    62 |    47 |     4 ||   113
  Block: Other             |       |     6 |     5 ||    11

Table legend: (Time is in decaauts)
 A = Elapsed time spent in this place.
 B = Non-inter-level travel time spent in this place.
 C = Inter-level travel time spent in this place.
 D = Time resting spent in this place.
 E = Time spent auto-exploring this place.
 F = Levels seen in this place.
 G = Mean time per level.
                   A        B        C        D        E       F      G
               +--------+--------+--------+--------+--------+-----+--------+
         Total |   4884 |   4664 |    220 |    198 |   3518 |   6 |  814.0 |
       Dungeon |   4822 |   4612 |    210 |    198 |   3518 |   5 |  964.4 |
        Temple |     62 |     52 |     10 |      0 |      0 |   1 |   62.0 |
               +--------+--------+--------+--------+--------+-----+--------+

Top non-repeatable levels by time:
     D:4: 1236 daAuts
     D:2: 1145 daAuts
     D:5: 846 daAuts
     D:3: 803 daAuts
     D:1: 790 daAuts
  Temple: 62 daAuts
